 Dungeon Crawl Stone Soup version 0.22-a0-392-g5dc3fd9af9 (webtiles) character file.

23 D1HalberdGnoll the Chiller (level 2, -1/20 HPs)
             Began as a Demonspawn Ice Elementalist on May 1, 2018.
             Slain by Terence
             ... wielding a +4 flail of protection
              (8 damage)
             ... on level 2 of the Dungeon.
             The game lasted 00:01:39 (1696 turns).

D1HalberdGnoll the Chiller (DsIE)                   Turns: 1696, Time: 00:01:40

Health: -1/20      AC:  2    Str:  8    XL:     2   Next: 75%
Magic:  4/5        EV: 12    Int: 16    God:
Gold:   69         SH:  0    Dex: 13    Spells: 2/5 levels left

rFire    . . .     SeeInvis .   d - +0 club
rCold    . . .     Gourm    .   (no shield)
rNeg     . . .     Faith    .   a - +0 robe
rPois    .         Spirit   .   (no helmet)
rElec    .         Reflect  .   (no cloak)
rCorr    .         Harm     .   (no gloves)
MR       .....                  (no boots)
Stlth    ++........             (no amulet)
HPRegen  0.06/turn              (no ring)
MPRegen  0.09/turn              (no ring)

@: very slightly contaminated
A: talons 1
a: no special abilities


You were on level 2 of the Dungeon.
You were very hungry.

You visited 1 branch of the dungeon, and saw 2 of its levels.

You collected 69 gold pieces.

Inventory:

Hand Weapons
 d - a +0 club (weapon)
Armour
 a - a +0 robe (worn)
Scrolls
 b - a scroll of enchant armour {unknown}
 f - a scroll of random uselessness {unknown}
 g - a scroll of teleportation {unknown}
Comestibles
 c - 2 rations


   Skills:
 + Level 0.9 Fighting
 + Level 2.1 Dodging
 - Level 1.7 Stealth
 + Level 2.2 Spellcasting
 - Level 1.0 Conjurations
 * Level 3.1 Ice Magic


You had 2 spell levels left.
You knew the following spells:

 Your Spells              Type           Power        Failure   Level  Hunger
a - Freeze                Ice            ##..         5%          1    #......
b - Throw Frost           Conj/Ice       #.....       13%         2    ###....


Dungeon Overview and Level Annotations

Branches:
Dungeon (2/15)

Altars:
Sif Muna

Annotations:
D:2 Terence


Innate Abilities, Weirdness & Mutations

You have sharp toenails.


Message History

Nothing appears to happen.
Terence hits you with a flail of protection.
Casting: Freeze (safe; 5% risk of failure)
Confirm with . or Enter, or press ? or * to list all spells.
Aiming: Freeze (safe; 5% risk of failure)
Press: ? - help, Shift-Dir - straight line, f/p - Terence
Aim: Terence, wielding a flail of protection and wearing a scale mail (lightly wounded)
You miscast Freeze.
Nothing appears to happen.
You aren't carrying any items that you can evoke.
It was a potion of magic.
Magic courses through your body.
Terence hits you with a flail of protection.
Casting: Freeze (safe; 5% risk of failure)
Confirm with . or Enter, or press ? or * to list all spells.
Aiming: Freeze (safe; 5% risk of failure)
Press: ? - help, Shift-Dir - straight line, f/p - Terence
Aim: Terence, wielding a flail of protection and wearing a scale mail (lightly wounded)
You freeze Terence.
Terence is moderately wounded.
Terence hits you with a flail of protection!
You die...

.##..................#
.####.##.###.#######.# .#
#[##.###.###...#.######.#### .#
#.##..##.##.###.....<......# .#
#.###.##....# #..#####..##.# .#
#.# #.#####.###..#####..##.# .#
#.# #.# ##.....#......##.# .#
.#.##.#########..#.###..##.#
###........@@......((...##.##
##.#.##.#########..#.##........
.........# #..#.##...##.##
#...###..# ####..#.##.#.##.# #.
#..###.........##.#.##.# #
#......####............#
##.##### ##.####.#.#### #.# #.
#.#.# #...# #. #.#.#


You could see Terence.

Vanquished Creatures
  A dart slug (D:1)
  4 giant cockroaches (D:1)
  5 goblins
  3 hobgoblins (D:1)
  2 bats
  2 kobolds
  2 rats (D:1)
19 creatures vanquished.

Notes
Turn   | Place    | Note
-------+----------+-------------------------------------------
     0 | D:1      | D1HalberdGnoll the Demonspawn Ice Elementalist began the quest for the Orb.
     0 | D:1      | Reached XP level 1. HP: 13/13 MP: 3/3
     1 | D:1      | Found a deep blue altar of Sif Muna.
   411 | D:1      | Gained mutation: You have sharp toenails. [demonic ancestry]
   411 | D:1      | Reached XP level 2. HP: 10/20 MP: 0/5
   515 | D:1      | Reached skill level 3 in Ice Magic
  1410 | D:2      | Learned a level 2 spell: Throw Frost
  1673 | D:2      | Noticed Terence
  1696 | D:2      | Slain by Terence

Vault maps used:
D:1:      sevenhm_arrival_forest_fort_small_6
D:2:      nicolae_overflow_hidden_temple, first_ration, serial_bayou_crossing,
          uniq_terence, uniq_sigmund

Skill      XL: |  1  2 |
---------------+-------+-----
Ice Magic      | 3 |  3.1
Dodging        | 2 |  2.1
Fighting       | |  0.9
Stealth        | |  1.7
Spellcasting   | |  2.2
Conjurations   | |  1.0

Action                   || total
-------------------------++-------
Melee: Unarmed           ||    15
       Club              ||     1
 Cast: Freeze            ||    33
       Throw Frost       ||     3
  Use: Potion            ||     1
  Eat: Chunk             ||     2
Armor: Robe              ||     3
Dodge: Dodged            ||    22

Table legend:
 A = Spawn XP
 B = Non-spawn XP
 C = Spawn XP percentage of total XP
 D = Spawn monster count
 E = Non-spawn monster count
 F = Spawn count percentage of total count
 G = Total turns spent on level
                    A         B        C        D         E        F      G
               +---------+---------+-------+---------+---------+-------+---------
         Total |       0 |      34 |   0.0 |       0 |      19 |   0.0 |  1696
               +---------+---------+-------+---------+---------+-------+---------
           D:1 |       0 |      28 |   0.0 |       0 |      15 |   0.0 |  1386
           D:2 |       0 |       6 |   0.0 |       0 |       4 |   0.0 |   310
               +---------+---------+-------+---------+---------+-------+---------
